AoeStats
← rikibuff

Migration

505305392Analyzed
1v1 RM · 25d ago on Sep 8, 2026· 65m 4s· 2 players
Game mode
Random Map
Map size
132×132
Population
200
Speed
Normal
Resources
Standard
Victory
Conquest
Starting age
Dark Age
Ending age
Imperial Age
RankedLock teamsTeams togetherTeam positionsShared explorationLock speedFull tech treeHidden civsTurbo modeCheats
Victory
Defeat
🇮🇹 Hindustanis · Italy
1146
+17
🇨🇭 Poles · Switzerland
1160
-17
rikibuff
11:10 Feudal Age
12:03 Loom
15:24 Castle Age
13:59 Double-Bit Axe
15:37 Gold Mining
16:07 Horse Collar
16:45 Bow Saw
16:55 Horse Collar
21:47 Wheelbarrow
23:30 Hand Cart
28:13 Imperial Age
25:46 Stone Mining
26:32 Gold Shaft Mining
26:43 Masonry
27:05 Fletching
27:30 Clinker Construction
27:49 Ballistics
28:38 Medium Warships
30:57 Chemistry
30:19 Careening
31:22 Heavy Warships
31:10 Elite Cannon Galleon
32:41 Bodkin Arrow
32:47 Padded Archer Armor
32:35 Town Watch
34:41 Conscription
37:33 Forging
37:24 Bracer
37:40 Leather Archer Armor
43:08 Two-Man Saw
42:20 Demolition Ship
50:53 Iron Casting
50:23 Scale Barding Armor
53:28 Chain Barding Armor
54:09 Blast Furnace
60:26 Light Cavalry
61:18 Bloodlines
61:11 Husbandry
61:06 Hussar
61:13 Spies/Treason
63:21 Plate Barding Armor
DonTune
0:51 Loom
12:10 Feudal Age
16:59 Castle Age
15:02 Fletching
15:31 Gold Mining
15:25 Fishing Lines
16:12 Double-Bit Axe
17:08 Horse Collar
18:36 Horse Collar
18:52 Stone Mining
20:22 Gillnets
21:03 Town Watch
22:12 Guard Tower
22:34 Masonry
23:08 Ballistics
24:07 Bow Saw
26:11 Wheelbarrow
27:37 Stone Shaft Mining
27:23 Hand Cart
27:42 Treadmill Crane
31:29 Imperial Age
29:25 Medium Warships
29:17 Bodkin Arrow
29:44 Forging
30:00 Heavy Plow
32:12 Iron Casting
31:40 Murder Holes
31:57 Clinker Construction
31:57 Careening
32:41 Bracer
33:22 Keep
32:33 Arrowslits
33:49 Chemistry
33:20 Heavy Warships
34:37 Blast Furnace
34:04 Carvel Hull
33:52 Siege Engineers
36:12 Scale Barding Armor
39:23 Demolition Ship
40:53 Crop Rotation
43:58 Chain Barding Armor
55:59 Lechitic Legacy
57:29 Bloodlines
56:40 Light Cavalry
57:21 Husbandry
59:53 Winged Hussar
60:48 Winged Hussar
63:13 Winged Hussar
Connection lost

Rejoining the realm…

Still unreachable

The connection could not be restored.

Session expired

The server has moved on; the page needs a fresh start.